 Dungeon Crawl Stone Soup version 0.26-a0-651-gb41185065b (webtiles) character file.

Game seed: 4416407911030219656

2918 raph the Cleaver (level 9, -8/89 HPs)
             Began as a Deep Dwarf Fighter on Oct 21, 2020.
             Was a Follower of Makhleb.
             Splashed by a brown ugly thing's acid (9 damage)
             ... on level 8 of the Dungeon.
             The game lasted 00:14:32 (6158 turns).

raph the Cleaver (Deep Dwarf Fighter)               Turns: 6158, Time: 00:14:33

Health: -8/89      AC: -4    Str: 21    XL:     9   Next: 50%
Magic:  4/4        EV:  8    Int:  8    God:    Makhleb [*.....]
Gold:   407        SH: 13    Dex: 15    Spells: 5/8 levels left

rFire    . . .     SeeInvis .   a - +1 war axe
rCold    . . .     Faith    .   c - +1 kite shield
rNeg     . . .     Spirit   .   i - +1 scale mail {MR+}
rPois    .         Reflect  .   o - +2 helmet
rElec    .         Harm     .   v - +0 cloak
rCorr    .         Rampage  .   w - +2 pair of gloves
MR       ++...                  (no boots)
Stlth    ..........             z - amulet of Vitality {Regen+ HP+15}
HPRegen  0.00/turn              (no ring)
MPRegen  0.09/turn              (no ring)

@: mighty, corroded, non-regenerating
A: damage resistance, heal wounds, sense surroundings 2, no regeneration
a: Heal Wounds, Renounce Religion


You were on level 8 of the Dungeon.
You worshipped Makhleb.
Makhleb was aware of your devotion.
You visited 2 branches of the dungeon, and saw 9 of its levels.

You collected 407 gold pieces.

Inventory:

Hand Weapons
 a - a +1 war axe (weapon)
 b - a +1 hunting sling of freezing
Missiles
 u - 27 sling bullets
Armour
 c - a +1 kite shield (worn)
 i - a +1 scale mail of magic resistance (worn)
 o - a +2 helmet (worn)
 t - a +0 scale mail
 v - a +0 cloak (worn)
 w - a +2 pair of gloves (worn)
 y - the +0 ring mail "Iciurpha" {MR+ Str+4}
   (You found it on level 6 of the Dungeon)

   It affects your strength (+4).
   It affects your resistance to hostile enchantments.
Jewellery
 g - an uncursed amulet of the acrobat {unknown}
 z - the amulet of Vitality (around neck) {Regen+ HP+15}
   (You found it on level 7 of the Dungeon)

   [amulet of regeneration]

   It affects your health (+15).
   It increases your rate of regeneration.
Wands
 x - a wand of polymorph (14)
 A - a wand of digging (6)
Scrolls
 e - 5 scrolls of teleportation
 j - a scroll of fog
 l - 3 scrolls of remove curse
 m - 2 scrolls of magic mapping
 r - 2 scrolls of amnesia
Potions
 f - 3 potions of lignification
 h - 2 potions of haste
 k - a potion of invisibility {unknown}
 n - 6 potions of curing {unknown}
 p - a potion of degeneration {unknown}
 q - 2 potions of flight {unknown}
 s - a potion of mutation {unknown}


   Skills:
 - Level 2.6 Fighting
 * Level 11.7 Axes
 - Level 3.2 Armour
 + Level 9.0 Shields


You had 5 spell levels left.
You knew the following spells:

 Your Spells              Type           Power        Failure   Level
a - Vampiric Draining     Necr           #.........   100%        3

Your spell library contained the following spells:

 Spells                   Type           Power        Failure   Level
 Animate Skeleton         Necr           #.....       94%         1
 Pain                     Necr           #...         94%         1
 Animate Dead             Necr           #.........   100%        4
 Agony                    Necr           #.......     100%        5


Dungeon Overview and Level Annotations

Branches:
Dungeon (8/15)             Temple (1/1) D:7
   Lair: D:8-11

Altars:
Ashenzari
Cheibriados
Elyvilon
Fedhas
Gozag
Kikubaaqudgha
Makhleb
Nemelex Xobeh
Okawaru
Qazlal
Ru
Sif Muna
Trog
Uskayaw
Vehumet
Wu Jian
Yredelemnul
Zin
The Shining One

Portals:
Abyss: D:7

Annotations:
D:3 exclusion: oklob plant
D:4 1 exclusion
D:7 2 transporters, emiel's ghost, amateur SpCj


Innate Abilities, Weirdness & Mutations

You are resistant to damage.
You can heal yourself by infusing magical energy.
You passively map the area around you.
You do not regenerate.


Message History

* * * LOW HITPOINT WARNING * * *
You feel much better. The hound bites you.
You block the brown ugly thing's attack.
Unknown command.
You slash the brown ugly thing!
The brown ugly thing is heavily wounded.
You miss the hound. You block the hound's attack.
The brown ugly thing trunk-slaps you!
* * * LOW HITPOINT WARNING * * *
The acid corrodes you!
You are splashed with acid!
* * * LOW HITPOINT WARNING * * *
The hound bites you.
* * * LOW HITPOINT WARNING * * *
You hit the brown ugly thing but do no damage.
The brown ugly thing is heavily wounded.
You hit the hound but do no damage. You block the hound's attack.
The brown ugly thing trunk-slaps you!
* * * LOW HITPOINT WARNING * * *
The acid corrodes you!
You are splashed with acid!
You die...

,, , #### ,,, , *
#####..# ** , ,
.##......# * # ,
*.......†.##*..#**
* , ,
.......@..#.... ,
,, *,
......hu....... ,
* #.#....<.......
** ,
,#............ ,,
#.........#.... ,
###.......#.... ,
* ..........,#.. ,
,............ .. *
* ,......<...... *


You could see a brown ugly thing and a hound.

Vanquished Creatures
  A hippogriff (D:7)
  3 black bears
  2 orc warriors (D:6)
  3 ice beasts
  2 ogres (D:4)
  A necrophage (D:7)
  A big kobold (D:7)
  2 bullfrogs
  A scorpion (D:6)
  A howler monkey (D:5)
  5 wights (D:7)
  3 bullfrog zombies (D:5)
  2 jellies
  A centaur skeleton (D:5)
  2 orc priests
  A bullfrog skeleton (D:5)
  5 hounds
  9 orc wizards
  Terence (D:3)
  2 iguanas
  8 worker ants
  A hound skeleton (D:4)
  A hound zombie (D:7)
  A worker ant zombie (D:5)
  A howler monkey zombie (D:6)
  6 adders
  A howler monkey skeleton (D:7)
  A shadow imp (D:7)
  2 white imps
  An ooze (D:1)
  An adder skeleton (D:4)
  3 worms
  3 dart slugs
  3 leopard geckos
  30 orcs
  2 ball pythons
  5 bats
  5 giant cockroaches
  13 goblins
  9 hobgoblins
  2 jackals (D:2)
  11 kobolds
  4 quokkas
  5 frilled lizards
  A jackal skeleton (D:6)
  A jackal zombie (D:6)
  2 leopard gecko zombies
  A quokka skeleton (D:7)
  7 rats
179 creatures vanquished.

Vanquished Creatures (others)
  2 plants (D:7)
2 creatures vanquished.

Grand Total: 181 creatures vanquished

Notes
Turn   | Place    | Note
-------+----------+-------------------------------------------
     0 | D:1      | raph the Deep Dwarf Fighter began the quest for the Orb.
     0 | D:1      | Reached XP level 1. HP: 20/20 MP: 1/1
    66 | D:1      | Reached XP level 2. HP: 24/27 MP: 2/2
    84 | D:1      | Reached skill level 3 in Axes
   513 | D:2      | Reached XP level 3. HP: 22/33 MP: 3/3
   742 | D:2      | Reached skill level 4 in Axes
   752 | D:2      | Reached XP level 4. HP: 27/40 MP: 3/3
  1053 | D:3      | Reached skill level 5 in Axes
  1053 | D:3      | Reached XP level 5. HP: 31/46 MP: 4/4
  1196 | D:3      | Noticed Terence
  1209 | D:3      | Killed Terence
  1532 | D:3      | Learned a level 3 spell: Vampiric Draining
  1547 | D:3      | Found a blossoming altar of Fedhas.
  1567 | D:3      | Noticed an oklob plant
  1908 | D:4      | Noticed an ogre
  1917 | D:4      | HP: 2/46 [worker ant (4)]
  1921 | D:4      | Killed an ogre
  1921 | D:4      | Reached skill level 6 in Axes
  1921 | D:4      | Reached skill level 5 in Shields
  1921 | D:4      | Reached XP level 6. HP: 21/55 MP: 5/5
  2091 | D:4      | Found a sparkling altar of Nemelex Xobeh.
  2091 | D:4      | Found a broken altar of Ashenzari.
  2099 | D:4      | Found a hide-covered altar of Uskayaw.
  2102 | D:4      | Found a bloodstained altar of Trog.
  2328 | D:4      | Reached XP level 7. HP: 29/61 MP: 5/5
  2347 | D:4      | Reached skill level 7 in Axes
  2498 | D:4      | Found a radiant altar of Vehumet.
  2514 | D:4      | Found a basalt altar of Yredelemnul.
  2850 | D:4      | Found a glowing golden altar of the Shining One.
  2852 | D:4      | Noticed an angel
  2858 | D:4      | Noticed a profane servitor
  2902 | D:5      | Entered Level 5 of the Dungeon
  3238 | D:5      | Reached skill level 8 in Axes
  3374 | D:5      | Found a shimmering blue altar of Sif Muna.
  3422 | D:5      | Reached XP level 8. HP: 39/68 MP: 5/5
  3501 | D:5      | Found a snail-covered altar of Cheibriados.
  3740 | D:6      | Reached skill level 9 in Axes
  4276 | D:6      | Got a crude ring mail
  4287 | D:6      | Identified the cursed +0 ring mail "Iciurpha" {MR+ Str+4}
                  | (You found it on level 6 of the Dungeon)
  4296 | D:6      | Found a blossoming altar of Fedhas.
  4484 | D:6      | Reached skill level 10 in Axes
  5327 | D:7      | Gained mutation: You passively map the area around you.
                  | [Deep Dwarf growth]
  5327 | D:7      | Reached XP level 9. HP: 45/74 MP: 5/5
  5330 | D:7      | Found a staircase to the Ecumenical Temple.
  5337 | Temple   | Entered the Ecumenical Temple
  5425 | Temple   | Became a worshipper of Makhleb the Destroyer
  5484 | D:7      | Reached skill level 11 in Axes
  5527 | D:7      | Found the amulet of Vitality {Regen+ HP+15}
  5657 | D:7      | Noticed a toenail golem
  5662 | D:7      | Found a transporter.
  5669 | D:7      | Found a one-way gate to the infinite horrors of the Abyss.
  5669 | D:7      | Noticed emiel's ghost (amateur SpCj)
  5687 | D:7      | Found a transporter.
  5689 | D:7      | Noticed a toenail golem
  5709 | D:7      | Found the ring of Phasing {EV+8}
  5797 | D:7      | Reached * piety under Makhleb
  6138 | D:8      | Noticed a brown ugly thing
  6158 | D:8      | HP: 1/89 [brown ugly thing (9)]
  6158 | D:8      | Splashed by a brown ugly thing's acid

Illustrated notes

Levels and vault maps discovered:
D:1:      sevenhm_arrival_forest_fort_small_6, layout_basic,
          minmay_misc_feat_diagonals
D:2:      layout_basic, minmay_randomly_rotated_circles
D:3:      layout_basic, minmay_misc_feat_four_crosses, tgw_fedhas, uniq_terence
D:4:      kennysheep_the_goblin_king, layout_basic,
          grunt_temple_overflow_holy_war, old_standard_altar, minitemple,
          nicolae_overflow_hidden_temple, tgw_sif
D:5:      layout_basic, kennysheep_mini_moat, basic_altar
D:6:      layout_cave_pods, nicolae_overflow_crystal_walls
D:7:      black_bear_nest_2, layout_basic, minmay_temple_entry_gardened_gates,
          serial_glass, glass_columns_a, glass_columns_a, glass_columns_a,
          glass_columns_c, gammafunk_ghost_abyssal_escape
D:8:      gammafunk_sealed_arena, layout_cave_pools, serial_shops, shop,
          minivault_12
Temple:   compressed_dpeg_triangle_lava_temple

Skill      XL: |  1  2  3  4  5  6  7  8  9 |
---------------+----------------------------+-----
Axes           | 3 4 5 6 8 10 11 | 11.7
Shields        | 4 5 6 8 9 |  9.0
Fighting       | |  2.6
Armour         | |  3.2

Action                   |  1- 3 |  4- 6 |  7- 9 || total
-------------------------+-------+-------+-------++-------
Melee: War axe           |    86 |   151 |   367 ||   604
 Fire: Hunting sling     |       |       |     4 ||     4
 Abil: Heal Wounds       |     1 |     3 |     5 ||     9
  Use: Scroll            |     6 |     3 |     7 ||    16
       Potion            |       |       |     4 ||     4
Armor: Scale mail        |    32 |    58 |   130 ||   220
       Ring mail         |       |       |    40 ||    40
Dodge: Dodged            |    23 |    42 |    95 ||   160
Block: Kite shield       |    40 |    81 |   254 ||   375

Table legend: (Time is in decaauts)
 A = Elapsed time spent in this place.
 B = Non-inter-level travel time spent in this place.
 C = Inter-level travel time spent in this place.
 D = Time resting spent in this place.
 E = Time spent auto-exploring this place.
 F = Levels seen in this place.
 G = Mean time per level.
                   A        B        C        D        E       F      G
               +--------+--------+--------+--------+--------+-----+--------+
         Total |   6273 |   5790 |    483 |   1180 |   2849 |   9 |  697.0 |
       Dungeon |   6172 |   5689 |    483 |   1180 |   2795 |   8 |  771.5 |
        Temple |    100 |    100 |      0 |      0 |     54 |   1 |  100.0 |
               +--------+--------+--------+--------+--------+-----+--------+

Top non-repeatable levels by time:
     D:6: 1569 daAuts
     D:4: 1114 daAuts
     D:3: 997 daAuts
     D:7: 761 daAuts
     D:5: 627 daAuts
     D:2: 559 daAuts
     D:1: 523 daAuts
  Temple: 100 daAuts
     D:8: 18 daAuts
